 Dungeon Crawl Stone Soup version 0.18-a0-1784-ga939a68 (webtiles) character file.

5348 Ijustatesigmund the Grappler (level 10, -1/102 HPs)
             Began as a Troll Hunter on Apr 18, 2016.
             Was a Priest of Okawaru.
             Slain by a fire elemental (11 damage)
             ... summoned by a deep elf mage
             ... in a bailey.
             The game lasted 00:17:47 (7282 turns).

Ijustatesigmund the Grappler (Troll Hunter)         Turns: 7282, Time: 00:17:48

Health: -1/102     AC:  7    Str: 25    XL:     10   Next: 38%
Magic:  8/8        EV: 10    Int:  7    God:    Okawaru [***...]
Gold:   421        SH:  0    Dex: 13    Spells: 0 memorised, 9 levels left

rFire  . . .     SeeInvis .       - Unarmed
rCold  . . .     Gourm    +     b - +2 robe
rNeg   . . .     Faith    .     (no shield)
rPois  .         Spirit   .     (helmet restricted)
rElec  .         Dismiss  .     (no cloak)
rCorr  .         Reflect  .     (gloves unavailable)
SustAt .         Harm     +     (boots unavailable)
MR     .....                    C - amulet of harm
Stlth  +.........               m - +3 ring of strength
                                A - ring of stealth

@: liquid flames, glowing, not resistant to hostile enchantments, very
unstealthy
A: unfitting armour, claws 3, fast metabolism 3, gourmand, low mp 1,
regeneration 2, shaggy fur 1, tough skin 2
a: Heroism, Renounce Religion


You were in a bailey.
You worshipped Okawaru.
Okawaru was most pleased with you.
You were not hungry.

You visited 2 branches of the dungeon, and saw 10 of its levels.
You also visited: Bailey.

You collected 421 gold pieces.

Inventory:

Hand Weapons
 y - a +1 giant spiked club
Missiles
 c - 9 large rocks (quivered)
 d - 3 throwing nets
 e - 4 javelins
Armour
 b - a +2 robe (worn)
 i - a +0 shield
Jewellery
 m - a +3 ring of strength (right claw)
 r - an uncursed amulet of dismissal
 x - a +3 ring of dexterity
 A - a ring of stealth (left claw)
 C - an amulet of harm (around neck)
Wands
 o - a wand of flame (48/48)
 B - a wand of digging (12/24)
Scrolls
 k - 2 scrolls of enchant armour
 l - a scroll of magic mapping
 n - a scroll of remove curse
 s - 2 scrolls of amnesia
 t - 3 scrolls of teleportation
 w - a scroll of recharging
Potions
 a - a potion of heal wounds
 h - 5 potions of curing
 p - 3 potions of agility
 u - a potion of cure mutation
Books
 z - a Grand Grimoire

   Spells                             Type                      Level
   a - Monstrous Menagerie            Summoning                    7
   b - Summon Greater Demon           Summoning                    7
   c - Malign Gateway                 Summoning/Translocation      7
   d - Summon Horrible Things         Summoning                    8
Comestibles
 f - 9 bread rations
 g - 23 fruits
 j - 6 slices of pizza
 q - 5 meat rations
 v - 3 beef jerkies


   Skills:
 + Level 7.3 Fighting
 + Level 6.1 Throwing
 - Level 1.5 Dodging
 - Level 0.4 Stealth
 * Level 11.5 Unarmed Combat


You had 9 spell levels left.
You didn't know any spells.

Dungeon Overview and Level Annotations

Branches:
Dungeon (9/15)             Temple (1/1) D:4            Lair (0/8) D:9
    Orc: D:9-12

Altars:
Dithmenos
Gozag
Kikubaaqudgha
Okawaru
Qazlal
Ru
Sif Muna
Trog
Vehumet
Xom
Yredelemnul
Zin
The Shining One

Annotations:
D:5 exclusion: statue
D:7 barb4r1an's ghost, novice DsGl


Innate Abilities, Weirdness & Mutations

You are too large for most types of armour.
You have claws for hands.
Your metabolism is lightning-fast.
You like to eat raw meat.
You heal very quickly.
You are covered in fur (AC +1).
You have very tough skin (AC +2).
Your magical capacity is low (-10% MP).


Message History

The fire elemental hits you. The fire elemental burns you!
* * * LOW HITPOINT WARNING * * *
You are too injured to fight recklessly!
Drink which item? (? for menu, Esc to quit)
You feel much better. The fire elemental hits you.
The fire elemental burns you! The deep elf mage closely misses you.
The fire elemental closely misses you. The fire elemental hits you.
The fire elemental burns you!
* * * LOW HITPOINT WARNING * * *
The fire elemental barely misses you.
You claw the deep elf mage!
The deep elf mage is almost dead.
The deep elf mage gestures at you while chanting.
The sticky flame hits you!
You are covered in liquid flames!
* * * LOW HITPOINT WARNING * * *
The fire elemental hits you. The fire elemental burns you!
* * * LOW HITPOINT WARNING * * *
The fire elemental hits you. The fire elemental burns you!
You die...

#####
##...######
#..∩..##§.##
#.....#.Ee.#
##...##.@E§#
####'##E.##
#...###
#.....#
#..∩..#
#.....#
#....##
+#####


You could see a deep elf mage and 3 fire elementals.

Vanquished Creatures
  A hydra (D:8)
  A hill giant (D:8)
  2 yaks (D:8)
  A wyvern (D:8)
  2 hungry ghosts
  A hippogriff (D:7)
  An orc warrior (D:8)
  A black bear (D:6)
  An ice beast (D:9)
  A sky beast (D:7)
  A centaur (D:6)
  An ogre (D:8)
  A necrophage (D:8)
  7 big kobolds (D:8)
  2 giant frogs (D:7)
  2 scorpions
  A water moccasin skeleton (D:7)
  9 killer bees
  3 wights (D:7)
  4 howler monkeys
  A giant frog zombie (D:8)
  2 crimson imps
  A centaur zombie (D:8)
  4 hounds
  7 orc priests
  A centaur skeleton (D:8)
  6 orc wizards
  2 giant frog skeletons
  A gnoll shaman (D:8)
  2 iguanas
  6 worker ants
  2 sheep (D:8)
  2 worker ant zombies
  5 gnolls
  13 adders
  3 shadow imps
  An adder zombie (D:4)
  An adder skeleton (D:6)
  5 worms
  A dart slug (D:1)
  4 giant geckos
  20 orcs
  2 bats
  7 giant cockroaches
  5 goblins
  11 hobgoblins
  10 jackals
  4 quokkas
  2 ball pythons
  9 giant newts
  A jackal skeleton (D:5)
  24 kobolds
  2 quokka zombies
  7 rats
217 creatures vanquished.

Notes
Turn   | Place    | Note
--------------------------------------------------------------
     0 | D:1      | Ijustatesigmund the Troll Hunter began the quest for the Orb.
     0 | D:1      | Reached XP level 1. HP: 19/19 MP: 0/0
   187 | D:1      | Reached skill level 1 in Unarmed Combat
   229 | D:1      | Reached XP level 2. HP: 27/28 MP: 1/1
   670 | D:1      | Reached XP level 3. HP: 35/35 MP: 2/2
   912 | D:2      | Reached skill level 2 in Unarmed Combat
  1079 | D:2      | Reached XP level 4. HP: 34/44 MP: 3/3
  1432 | D:2      | Reached skill level 3 in Unarmed Combat
  1616 | D:3      | Found a stormy altar of Qazlal.
  1943 | D:3      | Reached XP level 5. HP: 51/52 MP: 4/4
  1953 | D:3      | Found a basalt altar of Yredelemnul.
  2272 | D:4      | Reached skill level 4 in Unarmed Combat
  2474 | D:3      | Reached XP level 6. HP: 20/61 MP: 5/5
  2615 | D:5      | Entered Level 5 of the Dungeon
  2707 | D:5      | Noticed a hungry ghost
  2724 | D:5      | Killed a hungry ghost
  2724 | D:5      | Reached skill level 5 in Unarmed Combat
  2892 | D:5      | Reached XP level 7. HP: 61/68 MP: 6/6
  2914 | D:5      | Found a shadowy altar of Dithmenos.
  3031 | D:5      | Reached skill level 6 in Unarmed Combat
  3139 | D:5      | Found a shimmering altar of Xom.
  3301 | D:5      | Found a radiant altar of Vehumet.
  3533 | D:6      | Reached skill level 7 in Unarmed Combat
  3844 | D:6      | Found a glowing silver altar of Zin.
  3866 | D:6      | Reached XP level 8. HP: 65/79 MP: 7/7
  4522 | D:4      | Reached skill level 5 in Fighting
  4523 | D:4      | Reached skill level 8 in Unarmed Combat
  4705 | D:4      | Found a staircase to the Ecumenical Temple.
  5062 | Temple   | Entered the Ecumenical Temple
  5072 | Temple   | Became a worshipper of Warmaster Okawaru
  5243 | D:7      | Found a shimmering altar of Xom.
  5243 | D:7      | Noticed barb4r1an's ghost (novice DsGl)
  5244 | D:7      | Found a shimmering altar of Xom.
  5244 | D:7      | Found a shimmering altar of Xom.
  5244 | D:7      | Found a shimmering altar of Xom.
  5244 | D:7      | Found a shimmering altar of Xom.
  5245 | D:7      | Found a shimmering altar of Xom.
  5245 | D:7      | Found a shimmering altar of Xom.
  5396 | D:7      | Reached skill level 9 in Unarmed Combat
  5407 | D:7      | Found an opulent altar of Gozag.
  5478 | D:7      | Reached * piety under Okawaru
  5513 | D:7      | Reached XP level 9. HP: 89/89 MP: 8/8
  5582 | D:7      | Gained mutation: Your magical capacity is low (-10% MP). [mutagenic meat]
  5998 | D:8      | Noticed a hill giant
  6009 | D:8      | Killed a hill giant
  6009 | D:8      | Reached skill level 10 in Unarmed Combat
  6180 | D:8      | Found an ancient bone altar of Kikubaaqudgha.
  6267 | D:8      | Reached ** piety under Okawaru
  6267 | D:8      | Reached skill level 5 in Throwing
  6968 | D:8      | Reached XP level 10. HP: 77/100 MP: 8/8
  7004 | D:8      | Reached skill level 11 in Unarmed Combat
  7062 | D:8      | Noticed a three-headed hydra
  7070 | D:8      | Killed a three-headed hydra
  7070 | D:8      | Reached *** piety under Okawaru
  7257 | D:9      | Found a flagged portal.
  7267 | Bailey   | Entered a bailey
  7273 | Bailey   | Noticed a deep elf mage
  7282 | Bailey   | Slain by a fire elemental

Vault maps used:
D:1:      matt_arrival_diagonals, serial_glass, glass_columns_a,
          glass_columns_a, due_unseen_surprise, feat_on_display,
          item_on_display_a, item_on_display_a
D:2:      first_bread, minmay_tree_intersection
D:3:      lemuel_coloured_pillars_altar, nicolae_qazlal_general_emergency
D:4:      minmay_temple_entry_from_below_a, corner_web_ring
D:5:      vehumet_statue, grunt_dithmenos_smoke_and_mirrors, basic_altar,
          minivault_26, serial_park_tiny_1, st_stairs_3,
          hangedman_decor_clover_reticule
D:6:      lemuel_crystal_altar
D:7:      xom_shifter_show, nicolae_gozag_seed_capital
D:8:      nicolae_overflow_crystal_walls, hangedman_ranch
D:9:      marbit_many_paths, erik_lair_island, enter_bailey_2,
          makhleb_heckhound_becter
Temple:   eino_temple_water_12
Bailey:   bailey_polearm_3, bailey

Skill      XL: |  1  2  3  4  5  6  7  8  9 10 |
---------------+-------------------------------+-----
Unarmed Combat | 1 2 3 4 5 7 9 10 11 | 11.5
Fighting       | 2 3 4 5 7 |  7.3
Throwing       | 4 5 6 |  6.1
Dodging        | |  1.5
Stealth        | |  0.4

Action                   |  1- 3 |  4- 6 |  7- 9 | 10-12 || total
-------------------------+-------+-------+-------+-------++-------
Melee: Unarmed           |    80 |   166 |   332 |    33 ||   611
       Punch             |       |     1 |    16 |     1 ||    18
Throw: Large rock        |     4 |     5 |    10 |     5 ||    24
       Throwing net      |       |     2 |     3 |       ||     5
Invok: Heroism           |       |       |     3 |     2 ||     5
  Use: Scroll            |       |    11 |     6 |     2 ||    19
       Potion            |       |       |     3 |     4 ||     7
 Stab: Sleeping          |       |     4 |       |     1 ||     5
  Eat: Chunk             |    15 |    19 |    39 |     4 ||    77
       Pizza             |       |     1 |       |       ||     1
       Royal jelly       |       |       |       |     1 ||     1
Armor: Robe              |    21 |    59 |    83 |    20 ||   183
Dodge: Dodged            |    47 |    86 |   156 |    24 ||   313
